 Dungeon Crawl Stone Soup version 0.28-a0-819-g6ef7baa362 (console) character file.

Game seed: 13258870659729085574

1507 petzl the Sneak (level 8, -17/48 (54) HPs)
             Began as an Octopode Arcane Marksman on Nov 9, 2021.
             Demolished by a wight (18 damage)
             ... on level 7 of the Dungeon.
             The game lasted 00:35:52 (7430 turns).

petzl the Sneak (Octopode Arcane Marksman)          Turns: 7430, Time: 00:35:53

HP:   -17/48 (54)   AC:  1    Str: 10    XL:     8   Next: 82%
MP:   13/13         EV: 15    Int: 17    God:
Gold: 148           SH: 10    Dex: 18    Spells: 10/14 levels left

rFire   + . .      SeeInvis .   b - +0 dagger (venom) {!f =f}
rCold   . . .      Faith    .   m - +0 buckler
rNeg    . . .      Spirit   .   (helmet restricted)
rPois   .          Reflect  +   r - amulet of reflection
rElec   .          Harm     .   e - +6 ring of dexterity
rCorr   .          Rampage  .   t - ring of protection from fire
Will    .....                   (no ring)
Stlth   ++++......              (no ring)
HPRegen 0.16/turn               (no ring)
MPRegen 0.13/turn               (no ring)
                                (no ring)
                                (no ring)

@: heavily drained
A: almost no armour, amphibious, 8 rings, camouflage 1, gelatinous body 1,
(nimble swimmer 1), tentacles, screaming 1
a: no special abilities


You were on level 7 of the Dungeon.
You visited 1 branch of the dungeon, and saw 9 of its levels.

You collected 243 gold pieces.
You spent 95 gold pieces at shops.

Inventory:

Hand Weapons
 a - a +0 hand crossbow
 b - a +0 dagger of venom (weapon) {!f =f}
 c - a +1 vorpal flail
Missiles
 h - 33 poisoned darts (quivered)
 w - 30 bolts
 z - 6 javelins
Armour
 m - a +0 buckler (worn)
Jewellery
 e - a +6 ring of dexterity (left tentacle)
 r - an amulet of reflection (around mantle)
 t - a ring of protection from fire (right tentacle)
Wands
 p - a wand of flame (55)
 u - a wand of acid (7)
Scrolls
 d - 2 scrolls of noise
 j - a scroll of enchant weapon
 l - a scroll of blinking {unknown}
 n - a scroll of immolation
 q - a scroll of fog
 s - a scroll of torment
 v - 2 scrolls of teleportation
 y - a scroll of magic mapping
Potions
 f - a potion of ambrosia
 o - 2 potions of flight
Miscellaneous
 i - a piece from Xom's chessboard (15/15)


   Skills:
 + Level 4.1 Fighting
 + Level 4.4 Crossbows
 - Level 4.2 Dodging
 + Level 5.5 Stealth
 - Level 4.0 Shields
 * Level 3.8 Spellcasting
 * Level 0.8 Conjurations
 - Level 3.0 Hexes
 * Level 0.8 Fire Magic
 - Level 3.0 Evocations


You had 10 spell levels left.
You knew the following spells:

 Your Spells              Type           Power      Damage    Failure   Level
a - Slow                  Hex            52%        N/A       4%          1
b - Conjure Flame         Conj/Fire      6%         6-21      34%         3

Your spell library contained the following spells:

 Spells                   Type           Power      Damage    Failure   Level
 Foxfire                  Conj/Fire      24%        2x1d5     12%         1
 Animate Skeleton         Necr           6%         N/A       16%         1
 Apportation              Tloc           6%         N/A       16%         1
 Sandblast                Erth           6%         2d5       16%         1
 Summon Small Mammal      Summ           12%        N/A       16%         1
 Dazzling Flash           Conj/Hex       18%        N/A       22%         3
 Inner Flame              Hex/Fire       9%         N/A       22%         3
 Passwall                 Tmut/Erth      2%         N/A       24%         2
 Portal Projectile        Hex/Tloc       16%        N/A       26%         3
 Stone Arrow              Conj/Erth      8%         3d7       38%         3
 Gell's Gravitas          Tloc           3%         N/A       43%         3
 Lesser Beckoning         Tloc           3%         N/A       43%         3
 Teleport Other           Tloc           3%         N/A       43%         3
 Cause Fear               Hex            6%         N/A       43%         4
 Flame Wave               Conj/Fire      6%         3d4       75%         4
 Silence                  Hex/Air        4%         N/A       94%         5
 Agony                    Necr           3%         N/A       99%         5
 Dispersal                Tloc           1%         N/A       100%        6


Dungeon Overview and Level Annotations

Branches:
Dungeon (9/15)
 Temple: D:4-7         Lair: D:8-11         Orc: D:9-12

Altars:
Qazlal
Sif Muna
Trog
Vehumet
Xom
Zin
The Shining One

Shops:
D:2 !(!   D:4 *

Annotations:
D:3 exclusion: downstairs
D:4 exclusion: upstairs, Natasha
D:5 exclusion: upstairs, Edmund
D:7 exclusion: downstairs
D:8 exclusion: downstairs


Innate Abilities, Weirdness & Mutations

You cannot wear most types of armour.
You are amphibious.
You can wear up to eight rings at the same time.
Your skin changes colour to match your surroundings (Stealth+).
Your rubbery body absorbs attacks. (AC +1, EV +1)
((You are camouflaged near water. (Stealth+)))
You have tentacles for arms and can constrict up to eight enemies at once.
You occasionally shout uncontrollably at your foes.


Message History

You block the orc's attack.
You hit the orc.
You kill the orc!
Things that are here:
a +0 club; an orc corpse
w - 21 bolts (gained 1)
w - 23 bolts (gained 2)
Things that are here:
a +0 trident; a +0 chain mail; an orc corpse
w - 24 bolts (gained 1)
Things that are here:
a +0 dagger of venom {!f =f}; a +0 robe; an orc corpse
w - 25 bolts (gained 1)
You start resting.
HP restored.
Found a chain mail.
There is a stone staircase leading down here.
w - 26 bolts (gained 1)
w - 27 bolts (gained 1)
w - 28 bolts (gained 1)
Things that are here:
a +0 mace; an orc skeleton
w - 29 bolts (gained 1)
You see here a +0 whip.
w - 30 bolts (gained 1)
A wight comes into view. It is wielding a +5 dire flail.
The wight hits you with a +5 dire flail!
You feel drained.
You hit the wight but do no damage. Your grab misses the wight.
The wight hits you with a +5 dire flail!
You feel drained.
You barely miss the wight. Your grab misses the wight.
You squeeze the wight, but do no damage.
The wight hits you with a +5 dire flail!
* * * LOW HITPOINT WARNING * * *
You feel drained.
* * * LOW HITPOINT WARNING * * *
Okay, then.
The wight hits you with a +5 dire flail!!
You die...

.......# ##.....## ##...........
.......# ##...## ##..........
.......# ##.### #..........
......# #..# ##........# ......#
#..# #.)......# ......####
#..######## #.#.....##
.........###..#......#####
##)##...##
....##........#..........####..#
####
...######.....#.............#.##
#### ###...................#
###.............##..#
#...........####.##
##.......#### #..# ##..#####
#..# #..# ##.## ##..## #..####
#...# ###.....#
##.z#####.......#
##.@##.........# #.............#
##............# #............#
##...........# #...........#
##....#.....# #....###...#
#....# ###


You could see a wight.

Vanquished Creatures
  An orc warrior (D:7)
  An ogre (D:5)
  A black bear (D:5)
  2 phantoms (D:5)
  Blork the orc (D:4)
  A bullfrog (D:8)
  A water moccasin zombie (D:5)
  3 scorpions
  A wyvern skeleton (D:6)
  A howler monkey (D:3)
  A centaur zombie (D:5)
  2 jellies (D:5)
  A hound (D:5)
  A bullfrog skeleton (D:4)
  Ijyb (D:4)
  3 iguanas
  5 orc wizards
  Natasha (twice) (D:4)
  6 gnolls
  6 adders
  A white imp (D:7)
  3 dart slugs
  16 orcs
  4 ball pythons
  7 bats
  3 endoplasms
  3 giant cockroaches
  8 hobgoblins
  8 kobolds
  4 quokkas
  2 frilled lizards
  4 goblins
  5 rats
109 creatures vanquished.

Notes
Turn   | Place    | Note
-------+----------+-------------------------------------------
     0 | D:1      | petzl the Octopode Arcane Marksman began the quest for the
                  | Orb.
     0 | D:1      | Reached XP level 1. HP: 13/13 MP: 2/2
   175 | D:1      | Reached XP level 2. HP: 18/18 MP: 3/3
   207 | D:1      | Reached skill level 1 in Stealth
   829 | D:2      | Reached XP level 3. HP: 23/23 MP: 5/5
   925 | D:3      | Found a faded altar of an unknown god.
   939 | D:3      | Noticed a scorpion
  1113 | D:4      | Noticed Ijyb
  1123 | D:4      | Noticed Blork the orc
  1137 | D:4      | Noticed Natasha
  1142 | D:4      | Found Baminegif's General Store.
  1208 | D:3      | Killed a scorpion
  1209 | D:3      | Reached skill level 2 in Stealth
  1209 | D:3      | Reached XP level 4. HP: 25/29 MP: 4/6
  1420 | D:3      | Reached XP level 5. HP: 28/34 MP: 5/8
  1651 | D:2      | Found Kepouc's Distillery.
  1656 | D:2      | Bought a potion of curing for 36 gold pieces
  2041 | D:2      | Reached skill level 3 in Stealth
  2160 | D:2      | Found Cogodein's Distillery.
  2174 | D:2      | Bought a potion of degeneration for 11 gold pieces
  2229 | D:2      | Found Teufeth's Weapon Shoppe.
  2680 | D:3      | Found a stormy altar of Qazlal.
  2705 | D:3      | Reached skill level 1 in Shields
  2705 | D:3      | Reached XP level 6. HP: 35/41 MP: 9/9
  2747 | D:3      | Found a radiant altar of Vehumet.
  3488 | D:4      | Found a bloodstained altar of Trog.
  3560 | D:4      | Found a glowing silver altar of Zin.
  3561 | D:4      | Found a glowing golden altar of the Shining One.
  3617 | D:4      | Killed Natasha
  3733 | D:4      | Noticed Natasha
  3735 | D:5      | Entered Level 5 of the Dungeon
  3857 | D:5      | Reached skill level 1 in Evocations
  3909 | D:5      | Reached XP level 7. HP: 35/45 MP: 7/10
  4264 | D:5      | Reached skill level 4 in Stealth
  4413 | D:4      | Killed Ijyb
  4459 | D:4      | Killed Blork the orc
  4580 | D:4      | Bought 2 scrolls of identify for 48 gold pieces
  4757 | D:4      | Killed Natasha
  4828 | D:4      | Found a shimmering altar of Xom.
  5030 | D:4      | Noticed Natasha
  5268 | D:5      | Reached XP level 8. HP: 49/52 MP: 10/12
  5378 | D:5      | Noticed Edmund
  5561 | D:5      | Reached skill level 5 in Stealth
  5780 | D:6      | Learned a level 3 spell: Conjure Flame
  6613 | D:8      | HP: 1/54 [bullfrog (7)]
  6617 | D:8      | Gained mutation: You occasionally shout uncontrollably at
                  | your foes. [potion of mutation]
  6924 | D:8      | Found a shimmering blue altar of Sif Muna.
  7168 | D:9      | Noticed a wraith
  7429 | D:7      | HP: 1/48 [wight (8)]
  7430 | D:7      | Demolished by a wight

Illustrated notes

Levels and vault maps discovered:
D:1:      minmay_arrival_nine_rooms, layout_basic
D:2:      layout_loops_cross, serial_shops, shop, shop_statue,
          nicolae_shop_statue_plus, wander_ebering_terrifying_dragon_lair
D:3:      layout_basic, nicolae_qazlal_eye_of_the_storm, old_standard_altar,
          hellmonk_ecumenical_altar_lost_god, minmay_checkerbox
D:4:      layout_loops_ring, xom_butterflies, grunt_temple_overflow_open,
          serial_shops, shop, uniq_natasha, uniq_blork_the_orc, uniq_ijyb
D:5:      layout_loops_ring, uniq_edmund
D:6:      minmay_bubble_buster, layout_loops_ring,
          mainiacjoe_overflow_boulevard, temple_fountains,
          hellmonk_ghost_happy_afterlife, serial_shops, nicolae_shop_crystal
D:7:      layout_cave_pods
D:8:      layout_gridville, mainiacjoe_overflow_paths, marbit_many_paths
D:9:      layout_irregular_city, small_chamber_with_monster

Skill      XL: |  1  2  3  4  5  6  7  8 |
---------------+-------------------------+-----
Stealth        | 1 2 3 4 5 |  5.5
Fighting       | 2 3 4 |  4.1
Spellcasting   | 2 3 |  3.8
Crossbows      | 3 4 |  4.4
Dodging        | 3 4 |  4.2
Shields        | 1 2 3 4 |  4.0
Evocations     | 1 2 3 |  3.0
Conjurations   | |  0.8
Hexes          | |  3.0
Fire Magic     | |  0.8

Action                   |  1- 3 |  4- 6 |  7- 9 || total
-------------------------+-------+-------+-------++-------
Melee: Long sword        |     6 |    47 |     5 ||    58
       Constrict         |     2 |    14 |     5 ||    21
       Tentacles         |       |    12 |    13 ||    25
       Flail             |       |       |    10 ||    10
       Dagger            |       |       |    58 ||    58
 Fire: Hand crossbow     |    49 |    79 |    73 ||   201
Throw: Dart              |     4 |     8 |    29 ||    41
 Cast: Slow              |     3 |    17 |    30 ||    50
Evoke: Wand              |       |     1 |     3 ||     4
  Use: Scroll            |       |     2 |     6 ||     8
       Potion            |       |     1 |     7 ||     8
 Stab: Sleeping          |       |     3 |     3 ||     6
Armor: Skin              |     3 |     2 |     6 ||    11
Dodge: Dodged            |    17 |    58 |    50 ||   125
Block: Buckler           |       |       |    34 ||    34
       Reflection        |       |       |     4 ||     4

Table legend: (Time is in decaauts)
 A = Elapsed time spent in this place.
 B = Non-inter-level travel time spent in this place.
 C = Inter-level travel time spent in this place.
 D = Time resting spent in this place.
 E = Time spent auto-exploring this place.
 F = Levels seen in this place.
 G = Mean time per level.
                   A        B        C        D        E       F      G
               +--------+--------+--------+--------+--------+-----+--------+
         Total |   7496 |   7345 |    151 |   2329 |   2725 |   9 |  832.9 |
       Dungeon |   7496 |   7345 |    151 |   2329 |   2725 |   9 |  832.9 |
               +--------+--------+--------+--------+--------+-----+--------+

Top non-repeatable levels by time:
     D:5: 1742 daAuts
     D:4: 1276 daAuts
     D:3: 1231 daAuts
     D:2: 1187 daAuts
     D:1: 804 daAuts
     D:8: 569 daAuts
     D:7: 377 daAuts
     D:6: 291 daAuts
     D:9: 15 daAuts
